 Dungeon Crawl Stone Soup version 0.28.0-43-g3370ac3207 (webtiles) character file.

Game seed: 17959311166557187237

86 demenzo the Ruffian (level 4, -25/39 HPs)
             Began as a Troll Brigand on Mar 29, 2022.
             Killed by an exploding orc (29 damage)
             ... ignited by their inner flame
             ... on level 5 of the Dungeon.
             The game lasted 00:02:17 (1700 turns).

demenzo the Ruffian (Troll Brigand)                 Turns: 1700, Time: 00:02:17

Health: -25/39     AC:  5    Str: 21    XL:     4   Next: 26%
Magic:  3/3        EV:  9    Int:  7    God:
Gold:   145        SH:  0    Dex: 11    Spells: 3/3 levels left

rFire   . . .      SeeInvis +     - Unarmed
rCold   . . .      Faith    .   (no shield)
rNeg    . . .      Spirit   .   b - +0 robe
rPois   .          Reflect  .   (helmet restricted)
rElec   .          Harm     .   c - +0 cloak
rCorr   .          Rampage  .   (gloves unavailable)
Will    .....                   (boots unavailable)
Stlth   ++........              (no amulet)
HPRegen 0.93/turn               (no ring)
MPRegen 0.08/turn               (no ring)

@: attractive
A: large, unfitting armour, claws 3, regeneration 1, shaggy fur 1, tough skin 1,
see invisible, frail 1
a: no special abilities


You were on level 5 of the Dungeon.
You visited 1 branch of the dungeon, and saw 4 of its levels.

You collected 145 gold pieces.

Inventory:

Hand Weapons
 j - the +5 hunting sling of the Crypt {vorpal, Str+3 Int+4}
   (You found it on level 2 of the Dungeon)

   Any ammunition fired from it inflicts extra damage upon your enemies.
   Str:       It affects your strength (+3).
   Int:       It affects your intelligence (+4).
Missiles
 d - 10 poisoned darts (quivered)
 e - 2 curare-tipped darts
 k - 52 stones
 m - 5 atropa-tipped darts
Armour
 b - a +0 robe (worn)
 c - a +0 cloak (worn)
Scrolls
 f - 2 scrolls of enchant weapon
 g - a scroll of vulnerability {unknown}
 i - a scroll of immolation
 l - 2 scrolls of identify
Potions
 a - a potion of attraction
 h - a potion of mutation


   Skills:
 + Level 2.4 Fighting
 - Level 1.5 Short Blades
 - Level 1.7 Throwing
 - Level 1.0 Dodging
 - Level 2.1 Stealth
 * Level 3.1 Unarmed Combat


You had 3 spell levels left.
You didn't know any spells.
Your spell library contained the following spells:

 Spells                   Type           Power      Damage    Failure   Level
 Dazzling Flash           Conj/Hex       0%         N/A       80%         3
 Iskenderun's Mystic Bla  Conj/Tloc      0%         2d3       99%         4
 Starburst                Conj/Fire      0%         6d3       100%        6


Dungeon Overview and Level Annotations

Branches:
Dungeon (3/15)

Altars:


Innate Abilities, Weirdness & Mutations

You are too large for most types of armour.
You have claws for hands.
Your natural rate of healing is unusually fast.
You are covered in fur. (AC +1)
You have tough skin. (AC +1)
You have supernaturally acute eyesight. (SInv)
You are frail. (-10% HP)


Message History

It was a potion of curing.
You feel better. The gnoll hits you with a +0 flail.
The orc closely misses you. The gnoll barely misses you. x2
As you read the scroll labelled PACVOE FE PEUWAWOE, it crumbles to dust.
It is a scroll of identify.
f - 2 scrolls of enchant weapon The gnoll hits you with a +0 flail.
The orc hits you with a +0 hand axe.
The gnoll hits you from afar with a +0 spear.
The gnoll completely misses you.
An orc comes into view. It is wielding a +0 hand axe.
The orc is attracted toward you.
As you read the scroll labelled ESITOM MEIWU, it crumbles to dust.
The creatures around you are filled with an inner flame!
It was a scroll of immolation.
The gnoll closely misses you. The orc hits you but does no damage.
The gnoll hits you but does no damage.
An orc priest comes into view. It is wielding a +0 falchion.
The gnoll completely misses you. The orc priest is attracted toward you.
Okay, then.
You closely miss the orc.
The orc is heavily wounded.
The orc priest shouts!
The gnoll closely misses you. The orc hits you with a +0 hand axe.
The gnoll completely misses you.
The gnoll hits you from afar with a +0 spear.
* * * LOW HITPOINT WARNING * * *
You barely miss the orc.
The orc is heavily wounded.
The gnoll hits you with a +0 flail.
* * * LOW HITPOINT WARNING * * *
The orc hits you but does no damage. The gnoll closely misses you.
The gnoll hits you from afar with a +0 spear.
* * * LOW HITPOINT WARNING * * *
Unknown command.
Unknown command.
You claw the orc!
The orc explodes!
The fiery explosion engulfs the gnoll!!
The fiery explosion engulfs the orc wizard!!!
The fiery explosion engulfs you!!
Ouch! That really hurt!
You die...

#....PP≈....
#....#.§..# ..
#....#....#
..##.........#
.............#
............o#
P......g#..§§#
.P...g..# #§#
........# #@#
........####g#
≈.#.....g..gg#
≈ #.$.......o.#
≈......(....###
♣..#####....#
.#. #....# #
#..... #....#.


You could see 3 gnolls and 2 orcs.

Vanquished Creatures
  An orc wizard (D:5)
  A gnoll (D:5)
  3 adders
  A worm (D:2)
  4 dart slugs
  2 orcs
  4 endoplasms
  7 giant cockroaches
  4 goblins
  3 hobgoblins
  3 kobolds
  5 ball pythons
  5 bats
  2 frilled lizards (D:2)
  3 rats (D:1)
48 creatures vanquished.

Vanquished Creatures (others)
  8 plants (D:5)
8 creatures vanquished.

Grand Total: 56 creatures vanquished

Notes
Turn   | Place    | Note
-------+----------+-------------------------------------------
     0 | D:1      | demenzo the Troll Brigand began the quest for the Orb.
     0 | D:1      | Reached XP level 1. HP: 19/19 MP: 0/0
   174 | D:1      | Reached skill level 1 in Dodging
   186 | D:1      | Reached skill level 1 in Unarmed Combat
   197 | D:1      | Reached XP level 2. HP: 28/28 MP: 1/1
   204 | D:1      | Found a faded altar of an unknown god.
   766 | D:2      | Reached skill level 2 in Unarmed Combat
   770 | D:2      | Identified the +5 hunting sling of the Crypt {vorpal, Str+3
                  | Int+4}
   773 | D:2      | Reached XP level 3. HP: 35/35 MP: 2/2
  1463 | D:3      | Reached skill level 3 in Unarmed Combat
  1463 | D:3      | Reached XP level 4. HP: 38/44 MP: 3/3
  1671 | D:3      | You fall into a shaft and drop 2 floors!
  1671 | D:5      | Entered Level 5 of the Dungeon
  1694 | D:5      | Gained mutation: You are frail. (-10% HP) [potion of
                  | mutation]
  1694 | D:5      | Gained mutation: You have supernaturally acute eyesight.
                  | (SInv) [potion of mutation]
  1700 | D:5      | Killed by an exploding orc... ignited by their inner flame

Illustrated notes

Levels and vault maps discovered:
D:1:      dpeg_arrival_concentric_ovals, layout_loops_cross,
          hellmonk_ecumenical_altar_lost_god
D:2:      layout_loops_ring
D:3:      layout_basic, mainiacjoe_overflow_alcove_1, minmay_distorted
D:5:      wad_pebble_path, layout_basic, temple_doors_cd, serial_bayou,
          serial_bayou_pond_a, serial_bayou_lagoon_a, serial_bayou_ford_a,
          serial_bayou_pond_a

Skill      XL: |  1  2  3 |
---------------+----------+-----
Dodging        | 1 |  1.0
Unarmed Combat | 1 2 3 |  3.1
Fighting       | 2 |  2.4
Short Blades   | |  1.5
Throwing       | |  1.7
Stealth        | |  2.1

Action                   |  1- 3 |  4- 6 || total
-------------------------+-------+-------++-------
Melee: Unarmed           |   110 |    34 ||   144
       Punch             |       |     1 ||     1
  Use: Potion            |       |     3 ||     3
       Scroll            |       |     2 ||     2
 Stab: Sleeping          |     9 |       ||     9
Armor: Robe              |    33 |    23 ||    56
Dodge: Dodged            |    38 |    34 ||    72
